 Dungeon Crawl Stone Soup version 0.30.0-10-gfe55d96785 (webtiles) character file.

Game seed: 6149426676695848384

16 monsoonserge the Slasher (level 3, 31/31 HPs)
             Began as a Meteoran Monk on May 16, 2023.
             Quit the game on level 1 of the Dungeon.
             The game lasted 00:00:55 (132 turns).

monsoonserge the Slasher (Meteoran Monk)             Turns: 132, Time: 00:00:55

Health: 31/31      AC:  2    Str: 14    XL:     3   Next: 0%
Magic:  4/4        EV: 13    Int: 12    God:
Gold:   25         SH:  0    Dex: 16    Spells: 2/2 levels left

rFire   . . .        a - +0 falchion
rCold   . . .        d - orb {light}
rNeg    . . .        b - +0 robe
rPois   .            (no helmet)
rElec   .            (no cloak)
rCorr   .            (no gloves)
SInv    .            (no boots)
Will    .....        (no amulet)
Stlth   +            (no ring)
HPRegen 0.25/turn    (no ring)
MPRegen 0.09/turn

%: no passive effects
@: glowing
A: sense surroundings 1, otherworldly, glowing, explore regen
a: no special abilities


You were on level 1 of the Dungeon.
You visited 1 branch of the dungeon, and saw 1 of its levels.

You collected 25 gold pieces.

Inventory:

Hand Weapons
 a - a +0 falchion (weapon)
Missiles
 f - 4 atropa-tipped darts (quivered)
Armour
 b - a +0 robe (worn)
 d - an orb of light (worn)
Scrolls
 e - 2 scrolls of vulnerability {unknown}
 g - a scroll of identify {unknown}
 h - a scroll of teleportation {unknown}
Potions
 c - a potion of ambrosia


   Skills:
 + Level 3.6 Fighting
 + Level 4.0 Long Blades
 + Level 4.0 Dodging


You had 2 spell levels left.
You didn't know any spells.
Your spell library was empty.

Dungeon Overview and Level Annotations

Branches:
Dungeon (1/15) Zot: 465

Altars:


Innate Abilities, Weirdness & Mutations

You passively map a small area around you.
You are easily found by Zot.
You glow in the dark.
You regain HP and MP as you explore.


Message History

The endoplasm freezes you.
You are frozen.
You hit the endoplasm.
The endoplasm is heavily wounded.
The endoplasm misses you.
You hit the endoplasm but do no damage.
The endoplasm is heavily wounded.
The endoplasm freezes you.
You are frozen.
You hit the endoplasm.
You kill the endoplasm!
Found a dagger.
g - a scroll labelled VODEIXZEDA
There are no items here.
Found a book of Dangerous Friends.
The ball python hisses angrily.
A goblin comes into view. It is wielding a +0 club.
The goblin shouts!
You hear a shout!
You see here 11 gold pieces.
You now have 25 gold pieces (gained 11).
A kobold comes into view. It is wielding a +0 club.
The ball python bites you. The ball python grabs you.
The ball python constricts you.
You hit the ball python.
You kill the ball python!
Found a dagger and 3 scrolls labelled QEOPHE HALEAC.
You see here a scroll labelled JIOXZEGA WOAXI.
h - a scroll labelled JIOXZEGA WOAXI The kobold barely misses you.
A dart slug comes into view.
You slash the kobold!
You kill the kobold!
You slash the goblin!
You kill the goblin!
Your Dodging skill increases to level 4!
You have reached level 3!
Your experience leads to an increase in your attributes!
Increase (S)trength, (I)ntelligence, or (D)exterity?
You feel stronger. x2; You feel clever.
Are you sure you want to abandon this character and quit the game? (Confirm with "yes".)

.., ........)..... , ...
............. .... ..
...........# * .#.. ...
..........###. ...
...###............
.......#................
# .)............)......,
#..##...............:...
..####....w....)@)......,
*
####....................
*
.....#..................
...# #..................
,
##.###.........>........
#..##..................
###..#.......#........?.
.................###....
...............### , ,


You could see a dart slug.

Vanquished Creatures
  A dart slug (D:1)
  3 endoplasms (D:1)
  A giant cockroach (D:1)
  2 goblins (D:1)
  A quokka (D:1)
  A ball python (D:1)
  A bat (D:1)
  2 frilled lizards (D:1)
  2 kobolds (D:1)
14 creatures vanquished.

Notes
Turn   | Place    | Note
-------+----------+-------------------------------------------
     0 | D:1      | monsoonserge the Meteoran Monk began the quest for the Orb.
     0 | D:1      | Reached XP level 1. HP: 19/19 MP: 2/2
    54 | D:1      | Reached XP level 2. HP: 17/26 MP: 3/3
   132 | D:1      | Reached XP level 3. HP: 31/31 MP: 4/4
   132 | D:1      | Quit the game

Illustrated notes

Levels and vault maps discovered:
D:1:      lightli_arrival_quake, layout_rooms

Skill      XL: |  1  2 |
---------------+-------+-----
Long Blades    | 4 |  4.0
Dodging        | 4 |  4.0
Fighting       | |  3.6

Action                     || total
---------------------------++-------
  Melee: Falchion          ||    24
 Armour: Robe              ||     2
  Dodge: Dodged            ||    11
